 Dungeon Sprint DCSS version 0.24.0-125-gc4c63601f3 (webtiles) character file.

Game seed: 9946169989396136280, levelgen mode: deterministic

3691 Ponchio the Earth Mage (level 9, -9/60 HPs)
             Began as a Deep Elf Earth Elementalist on Feb 17, 2020.
             Was an Initiate of Vehumet.
             Mangled by a tentacle (13 damage)
             ... attached to a kraken
             ... in the Dungeon (Sprint II: "The Violet Keep of Menkaure").
             The game lasted 00:19:36 (1978 turns).

Ponchio the Earth Mage (DEEE)                       Turns: 1978, Time: 00:19:37

Health: -9/60      AC:  2    Str:  5    XL:     9   Next: 90%
Magic:  25/30      EV: 19    Int: 28    God:    Vehumet [......]
Gold:   575        SH:  0    Dex: 15    Spells: 23/38 levels left

rFire    . . .     SeeInvis .   (no weapon)
rCold    . . .     Gourm    .   (no shield)
rNeg     . . .     Faith    .   c - +0 robe
rPois    .         Spirit   .   (no helmet)
rElec    .         Reflect  .   (no cloak)
rCorr    .         Harm     .   (no gloves)
MR       .....     NoTele   +   (no boots)
Stlth    +.........             (no amulet)
HPRegen  0.20/turn              k - +4 ring of intelligence
MPRegen  0.22/turn              (no ring)

@: very slow
A: no striking features
a: Renounce Religion


You were in the Dungeon.
You worshipped Vehumet.
Vehumet was noncommittal.
You were not hungry.

You visited 1 branch You collected 1053 gold pieces.
You spent 478 gold pieces at shops.

Inventory:

Missiles
 b - 20 stones (quivered)
Armour
 c - a +0 robe (worn)
Jewellery
 k - a +4 ring of intelligence (left hand)
Scrolls
 j - a scroll of blinking
Potions
 g - a potion of haste
 h - 2 potions of magic
 i - a potion of berserk rage


   Skills:
 - Level 9.1 Fighting
 - Level 9.6 Dodging
 - Level 2.4 Stealth
 + Level 15.1 Spellcasting
 - Level 1.1 Transmutations
 + Level 15.6 Earth Magic


You had 23 spell levels left.
You knew the following spells:

 Your Spells              Type           Power        Failure   Level  Hunger
a - Sandblast             Erth           ######       0%          1    None
b - Passwall              Tmut/Erth      ######..     1%          2    None
c - Stone Arrow           Conj/Erth      ######       1%          3    None
d - Petrify               Tmut/Erth      ######..     1%          4    None
e - Lee's Rapid Deconstr  Erth           #######...   1%          5    None

Your spell library contained the following spells:

 Spells                   Type           Power        Failure   Level  Hunger


Dungeon Overview and Level Annotations

Branches:
Dungeon (1/1)

Altars:
Cheibriados
Dithmenos
Elyvilon
Fedhas
Gozag
Hepliaklqana
Kikubaaqudgha
Makhleb
Nemelex Xobeh
Okawaru
Qazlal
Ru
Sif Muna
Trog
Uskayaw
Vehumet
Wu Jian
Xom
Yredelemnul
Zin
The Shining One
Beogh
Jiyva
Lugonu

Shops:
D =?:(![:[**?!%=}*

Annotations:
D exclusion: oklob plant, Kirke


Message History

Aiming: Lee's Rapid Deconstruction (safe; 1% risk of failure)
Press: ? - help, Dir - move target cursor A closed door.
The stone door frame shatters!
The blast of rock fragments hits the tentacle segment!!
The tentacle segment is severely wounded.
The blast of rock fragments hits the tentacle segment!!
The tentacle segment is heavily wounded.
You kill the tentacle!
Casting: Lee's Rapid Deconstruction (safe; 1% risk of failure)
Confirm with . or Enter, or press ? or * to list all spells.
Aiming: Lee's Rapid Deconstruction (safe; 1% risk of failure)
Press: ? - help, Dir - move target cursor A closed door.
Okay, then.
The tentacle slaps you!! The tentacle slaps you! The tentacle misses you.
The tentacle slaps you!!
* * * LOW HITPOINT WARNING * * *
The tentacle slaps you!
You die...

,,***#.*,.*,,*,,,,,,,,**,⌠,*,*,+≈
###,,+.##8*,°▓?(!!$[$[▓▓,,,*,*,+≈
..#,,*...####▓[[=$)?)%▓▓,,,*,*,+≈
..##**#..##.#▓$%)?$?!(▓▓,,,*,*,+≈
#..#,,+..#..#▓?%)$??[$▓▓,,,*,*,+≈
#..#,,#..#..#▓)([()[))▓▓,⌠,*,*,*≈
'..####..##.#▓?%[($()(▓▓,,,*,*,*≈
#§...###.^.##▓▓▓▓▓▓▓+▓▓▓▓+**,***≈
#§..§..≈≈(≈≈≈≈≈≈@w≈≈───X≈≈*,,,,,,
≈≈....§≈#'########+###.ww≈*,,,,,,
≈≈≈≈≈.§≈#.._.....#t≈§##≈≈≈*,,,,,,
≈≈§≈≈≈§§#._._....#≈§§§##*******≈*
≈≈§≈≈≈≈§#_._._...#≈§§≈§#*,,*,,*≈*
≈§§≈≈≈≈≈#._._._..#§§§≈§≈*,,*,,*≈*
≈≈§≈≈≈§≈#_._._._.#§≈§≈≈≈+,,+,,*≈*
≈§§###≈≈#._._._._#≈§§§≈t*,,*,,*≈*
*≈≈#,#§§#_._._._.#≈≈§≈≈§*,,*,,*≈*


You could see a kraken, 2 tentacles and a crocodile.

Vanquished Creatures
  2 death drakes (D)
  A merfolk siren (D)
  An ice statue (D)
  3 polar bears (D)
  A hornet (D)
  2 hippogriffs (D)
  A blink frog (D)
  A swamp drake (D)
  4 necrophages (D)
  A crocodile (D)
  3 worms (D)
  A tentacle (D)
21 creatures vanquished.

Vanquished Creatures (others)
  A yaktaur (D)
  Menkaure (D)
  A crocodile (D)
3 creatures vanquished.

Grand Total: 24 creatures vanquished

Notes
Turn   | Place    | Note
-------+----------+-------------------------------------------
     0 | D        | Ponchio the Deep Elf Earth Elementalist began the quest for
                  | the Orb.
     0 | D        | Reached XP level 1. HP: 10/10 MP: 6/6
     1 | D        | Noticed a necrophage
     1 | D        | Noticed a necrophage
     1 | D        | Noticed a necrophage
     1 | D        | Noticed a necrophage
     7 | D        | Killed a necrophage
     7 | D        | Reached XP level 2. HP: 7/15 MP: 2/12
     7 | D        | Reached XP level 3. HP: 9/19 MP: 2/13
     7 | D        | Reached XP level 4. HP: 12/24 MP: 2/15
     9 | D        | Killed a necrophage
     9 | D        | Reached skill level 10 in Earth Magic
     9 | D        | Reached XP level 5. HP: 14/28 MP: 0/18
    86 | D        | Killed a crocodile
   163 | D        | Killed a necrophage
   189 | D        | Learned a level 2 spell: Passwall
   193 | D        | Learned a level 3 spell: Stone Arrow
   198 | D        | Learned a level 4 spell: Petrify
   203 | D        | Killed Menkaure
   204 | D        | Learned a level 5 spell: Lee's Rapid Deconstruction
   282 | D        | Killed a necrophage
   282 | D        | Reached XP level 6. HP: 31/31 MP: 9/22
   395 | D        | Noticed a merfolk siren
   399 | D        | Killed a merfolk siren
   399 | D        | Reached skill level 5 in Fighting
   399 | D        | Reached XP level 7. HP: 44/44 MP: 2/24
   403 | D        | Noticed a hippogriff
   403 | D        | Noticed a hippogriff
   553 | D        | Killed a hippogriff
   554 | D        | Killed a hippogriff
   554 | D        | Reached XP level 8. HP: 53/53 MP: 9/25
   672 | D        | Noticed an ice statue
   678 | D        | Found Cureupt's Gadget Shoppe.
   678 | D        | Found Imox's General Store.
   679 | D        | Found Vegoil's Food Emporium.
   679 | D        | Found Damar's Jewellery Shoppe.
   738 | D        | Killed an ice statue
   741 | D        | Noticed Kirke
   741 | D        | Noticed a kobold demonologist
   741 | D        | Noticed a skeletal warrior
   840 | D        | Found Baeta's Distillery.
   842 | D        | Found Orypor's Assorted Antiques.
   843 | D        | Found Fiaff's General Store.
   844 | D        | Noticed a blink frog
   846 | D        | Killed a blink frog
   847 | D        | Found Fesosoy's Book Shoppe.
   847 | D        | Found Iloemoq's Antique Armour Emporium.
   847 | D        | Found Syniecewn's Magic Scroll Shoppe.
   847 | D        | Found Roawn's Antique Armour Emporium.
   854 | D        | Noticed a hell hog
   854 | D        | Noticed a hell hog
   855 | D        | Found Kiamom's Distillery.
   855 | D        | Found Kackaiw's Antique Weapon Emporium.
   855 | D        | Noticed an oklob plant
   856 | D        | Found Nios's Magic Scroll Shoppe.
   856 | D        | Found Xasaevoa's Jewellery Emporium.
   856 | D        | Found Hofikh's Book Shoppe.
   858 | D        | Noticed a spiny frog
   858 | D        | Noticed a spiny frog
   908 | D        | Noticed a slime creature
   910 | D        | Noticed a slime creature
   926 | D        | Noticed a slime creature
   926 | D        | Noticed a flying skull
   926 | D        | Noticed a flying skull
   934 | D        | Bought a scroll of magic mapping for 49 gold pieces
   934 | D        | Bought a scroll of blinking for 105 gold pieces
   942 | D        | Noticed a flying skull
   942 | D        | Noticed a flying skull
   944 | D        | Noticed a flying skull
   965 | D        | Bought a +4 ring of intelligence for 324 gold pieces
  1096 | D        | Found a stormy altar of Qazlal.
  1097 | D        | Found a hazy altar of Hepliaklqana.
  1097 | D        | Found a sacrificial altar of Ru.
  1097 | D        | Found an ornate altar of the Wu Jian Council.
  1098 | D        | Found a roughly hewn altar of Beogh.
  1098 | D        | Found a viscous altar of Jiyva.
  1098 | D        | Found a shimmering blue altar of Sif Muna.
  1099 | D        | Found a snail-covered altar of Cheibriados.
  1099 | D        | Found an ancient bone altar of Kikubaaqudgha.
  1099 | D        | Found a shimmering altar of Xom.
  1099 | D        | Found a bloodstained altar of Trog.
  1100 | D        | Found a shadowy altar of Dithmenos.
  1100 | D        | Found a corrupted altar of Lugonu.
  1101 | D        | Found a white marble altar of Elyvilon.
  1101 | D        | Found a burning altar of Makhleb.
  1102 | D        | Found a blossoming altar of Fedhas.
  1103 | D        | Found an opulent altar of Gozag.
  1103 | D        | Noticed a polar bear
  1103 | D        | Noticed a polar bear
  1103 | D        | Noticed a hornet
  1105 | D        | Noticed a yaktaur
  1107 | D        | Killed a polar bear
  1107 | D        | Killed a polar bear
  1107 | D        | Reached XP level 9. HP: 35/59 MP: 6/28
  1108 | D        | Noticed a polar bear
  1244 | D        | Killed a yaktaur
  1330 | D        | Killed a polar bear
  1343 | D        | Found a glowing golden altar of the Shining One.
  1343 | D        | Found a basalt altar of Yredelemnul.
  1343 | D        | Found a hide-covered altar of Uskayaw.
  1343 | D        | Found a sparkling altar of Nemelex Xobeh.
  1344 | D        | Found a glowing silver altar of Zin.
  1344 | D        | Found a radiant altar of Vehumet.
  1344 | D        | Found an iron altar of Okawaru.
  1344 | D        | Noticed a death drake
  1432 | D        | Became a worshipper of Vehumet
  1469 | D        | Killed a death drake
  1469 | D        | Reached skill level 15 in Earth Magic
  1609 | D        | Noticed a death drake
  1609 | D        | Noticed a crystal guardian
  1623 | D        | Killed a death drake
  1623 | D        | Reached skill level 15 in Spellcasting
  1648 | D        | HP: 3/60 [poisoned by a death drake (dark miasma)]
  1655 | D        | HP: 2/60 [poisoned by a death drake (dark miasma)]
  1663 | D        | HP: 2/60 [poisoned by a death drake (dark miasma)]
  1974 | D        | Noticed a kraken
  1978 | D        | Mangled by a tentacle

Levels and vault maps discovered:
D:        the_violet_keep_of_menkaure [sprint2_stairs_cluster_1,
          sprint2_shoproom, sprint2_temple, sprint2_basic_supplies,
          sprint2_obstacle_5, sprint2_obstacle_7, sprint2_obstacle_2,
          sprint2_obstacle_1, sprint2_obstacle_3, sprint2_timed_cluster_1,
          sprint2_smallroom_cluster_1, sprint2_smallroom_final_cluster_1,
          sprint2_transparent_cluster_1, sprint2_second_timed_cluster_1,
          sprint2_sniper_area_1, sprint2_heavy_combat_area_1,
          sprint2_mutation_trap_area_1, sprint2_forest_area_1,
          sprint2_light_combat_area_1, sprint2_behind_water_1,
          sprint2_near_end_vault_1]

Skill      XL: |  1  2  3  4  5  6  7  8  9 |
---------------+----------------------------+-----
Spellcasting   | 7 8 11 13 15 | 15.1
Earth Magic    | 8 10 11 13 15 | 15.6
Fighting       | 5 7 9 |  9.1
Dodging        | 6 8 9 |  9.6
Stealth        | |  2.4
Transmutations | |  1.1

Action                   |  1- 3 |  4- 6 |  7- 9 || total
-------------------------+-------+-------+-------++-------
 Cast: Sandblast         |     3 |     6 |     1 ||    10
       Lee's Rapid Decon |       |     5 |    31 ||    36
       Petrify           |       |       |     2 ||     2
  Use: Scroll            |       |       |     2 ||     2
       Potion            |       |       |     2 ||     2
  Eat: Chunk             |       |       |     4 ||     4
       Ration            |       |       |     1 ||     1
Dodge: Dodged            |     1 |     3 |     8 ||    12
